 Dungeon Crawl Stone Soup version 0.31.0-1-g2c135a008e (webtiles) character file.

Game seed: 12718368152898405548

1822 qw the Skirmisher (level 9, -1/66 HPs)
             Began as a Djinni Hunter on Jan 23, 2024.
             Was an Initiate of Okawaru.
             Slain by an orc warrior
             ... wielding a +0 dire flail
              (11 damage)
             ... on level 7 of the Dungeon.
             The game lasted 00:00:27 (6008 turns).

qw the Skirmisher (Djinni Hunter)                   Turns: 6008, Time: 00:00:28

Health: -1/66      AC:  9    Str:  8 (10) XL:     9   Next: 32%
Gold:   277        EV: 12    Int:  8 (11) God:    Okawaru [......] SH:  0 Dex: 20 (21)

rFire   + + .        c - +0 orcbow
rCold   . . .        (shield currently unavailable)
rNeg    . . .        o - +0 ring mail
rPois   inf          h - +2 helmet {SInv}
rElec   .            g - +0 cloak
rCorr   .            (no gloves)
SInv    +            (boots unavailable)
Will    .....        (no amulet)
Stlth   +            b - ring of ice
HPRegen 0.31/turn    r - ring of protection from fire
MPRegen 0.00/turn

%: infuse magic (-2 HP)
@: flying
A: sickness immunity, fire resistance 2, cold vulnerability 1, float, innate
caster, HP casting, extra vitality 1
a: Renounce Religion


You were on level 7 of the Dungeon.
You worshipped Okawaru.
Okawaru was noncommittal.
You visited 2 branches of the dungeon, and saw 8 of its levels.

You collected 277 gold pieces.


Innate Abilities, Weirdness & Mutations

You are immune to sickness and miasma.
You are immune to poison.
Your flesh is very heat resistant. (rF++)
You are vulnerable to cold. (rC-)
You float through the air rather than walking.
You learn spells naturally, not from books.
Your magical power is your life essence.
You have superior vitality. (+4 MHP)


   Skills:
 + Level 5.7 Fighting
 - Level 8.0 Ranged Weapons
 - Level 2.0 Armour
 - Level 5.6 Dodging
 - Level 0.7 Stealth


You knew the following spells:

 Your Spells              Type           Power      Damage    Failure   Level
a - Sandblast             Erth           0%         2d4       78%         1
b - Jinxbite              Hex            0%         N/A       89%         2
c - Searing Ray           Conj           0%         2d4       89%         2
d - Olgreb's Toxic Radia  Alch           0%         N/A       100%        4
Your spell library was empty.

Inventory:

Hand Weapons
 c - a +0 orcbow (weapon)
Armour
 e - a +0 pair of gloves
 g - a +0 cloak (worn)
 h - a +2 helmet of see invisible (worn)
 o - a +0 ring mail (worn)
Jewellery
 b - a ring of ice (left hand)
 r - a ring of protection from fire (right hand)
Wands
 j - a wand of charming (15)
Potions
 d - 3 potions of curing
 k - a potion of berserk rage {unknown}
 l - a potion of mutation {unknown}
 m - a potion of haste {unknown}
 n - a potion of enlightenment
 s - a potion of might {unknown}

Dungeon Overview and Level Annotations

Branches:
Dungeon (7/15)             Temple (1/1) D:6

Altars:
Ashenzari
Cheibriados
Dithmenos
Elyvilon
Gozag
Hepliaklqana
Nemelex Xobeh
Okawaru
Qazlal
Trog
Uskayaw
Wu Jian
Xom
Yredelemnul
Zin


Message History

The orc wizard closely misses you. The orc closely misses you.
The orc warrior hits you with a +0 dire flail.
The orc wizard hits you but does no damage.
You shoot an arrow.
The arrow hits the orc warrior but does no damage.
The orc warrior is heavily wounded.
The orc barely misses you. The orc warrior barely misses you.
The orc wizard hits you but does no damage.
You shoot an arrow. The arrow hits the orc warrior.
The orc warrior is severely wounded.
The orc barely misses you. The orc warrior barely misses you.
The orc wizard closely misses you.
You shoot an arrow. The arrow hits the orc warrior.
The orc warrior is almost dead.
The orc warrior hits you with a +0 dire flail!
The orc hits you with a +0 club.
A white imp comes into view.
The orc wizard completely misses you.
You shoot an arrow. The white imp shouts!
The arrow hits the orc warrior.
The orc warrior is almost dead.
The orc closely misses you.
The orc warrior hits you but does no damage.
The orc wizard barely misses you. The orc hits you but does no damage.
The white imp lashes its tail.
The orc warrior closely misses you. The orc wizard misses you.
You shoot an arrow.
The arrow hits the orc warrior but does no damage.
The orc warrior is almost dead.
The orc hits you but does no damage.
The orc wizard hits you but does no damage.
The orc warrior closely misses you.
You shoot an arrow.
The arrow barely misses the orc warrior.
The orc closely misses you. The white imp gestures at you.
The puff of frost hits you.
The orc warrior hits you with a +0 dire flail!
You die...

##...###.####
#######....##..#
.####..#......>....#
........########...#
#...5...# #)####.##
........## #...##..#
.........#
#....##.##
.........##
#.....#..#
.......o@.#
#.)....#.##
.......oo.#
##.....#..#
..........#
#......#.##
...........
#.....##..#
......)....#
##..#####.##
...).......# ####
##..# ..........#
###...# ..........#
##.....# ##.......


You could see an orc warrior, an orc wizard (mute), a white imp and an orc.

Vanquished Creatures
  Sigmund (D:4)
  A wyvern (D:5)
  Edmund (D:6)
  A water moccasin (D:6)
  2 black bears
  An ice beast (D:6)
  A bullfrog (D:7)
  5 scorpions
  A howler monkey (D:5)
  3 hounds
  4 jellies
  A bombardier beetle (D:2)
  An orc priest (D:4)
  A sleepcap (D:6)
  3 iguanas
  An orc wizard (D:7)
  4 gnolls (D:4)
  8 adders
  A white imp (D:6)
  4 ufetubi (D:6)
  2 ribbon worms
  2 dart slugs (D:2)
  7 orcs
  3 endoplasms
  4 giant cockroaches
  7 hobgoblins
  9 kobolds
  2 quokkas (D:1)
  9 ball pythons
  4 bats (D:2)
  2 frilled lizards
  15 goblins
  3 rats
114 creatures vanquished.

Notes
Turn   | Place    | Note
-------+----------+-------------------------------------------
     0 | D:1      | qw the Djinni Hunter began the quest for the Orb.
     0 | D:1      | Reached XP level 1. HP: 18/18 MP: 0/0
     0 | D:1      | 0 ||| qw: Version: 0.3-a-135-gb77e89d
     0 | D:1      | 0 ||| qw: Game counter: 833
     0 | D:1      | 0 ||| qw: Melee chars always use a shield: true
     0 | D:1      | 0 ||| qw: God list: Okawaru
     0 | D:1      | 0 ||| qw: Allow faded altars: false
     0 | D:1      | 0 ||| qw: Do Orc after clearing Dungeon:15 true
     0 | D:1      | 0 ||| qw: Do second Lair branch before Depths: true
     0 | D:1      | 0 ||| qw: Lair rune preference: random
     0 | D:1      | 0 ||| qw: Goals: Normal
     0 | D:1      | 0 ||| PLANNING D:1-11
   157 | D:1      | Reached XP level 2. HP: 23/23 MP: 0/0
   399 | D:1      | 399 ||| READING scroll labelled ARONNI WAJYUNG.
   399 | D:1      | 399 ||| IDENTIFYING clear potion
   400 | D:1      | 400 ||| DRINKING 2 sapphire potions.
   401 | D:1      | 401 ||| DROPPING scroll of butterflies.
   402 | D:1      | 402 ||| DROPPING potion of lignification.
   403 | D:1      | 403 ||| DROPPING potion of magic.
   448 | D:2      | Reached skill level 4 in Ranged Weapons
   448 | D:2      | Reached XP level 3. HP: 28/28 MP: 0/0
   448 | D:2      | Learned a level 1 spell: Sandblast
   537 | D:2      | 537 ||| FLEEEEING.
   687 | D:2      | Reached XP level 4. HP: 33/34 MP: 0/0
   802 | D:2      | Reached skill level 3 in Fighting
   882 | D:2      | 882 ||| FLEEEEING.
   902 | D:2      | 902 ||| FLEEEEING.
  1191 | D:2      | Reached skill level 3 in Dodging
  1191 | D:2      | Reached XP level 5. HP: 36/40 MP: 0/0
  1191 | D:2      | Learned a level 2 spell: Jinxbite
  1272 | D:2      | 1272 ||| UPGRADING to +0 cloak.
  1277 | D:2      | 1277 ||| READING scroll of identify.
  1277 | D:2      | 1277 ||| IDENTIFYING amethyst potion
  1278 | D:2      | 1278 ||| READING scroll labelled ENUASTR PYVY.
  1350 | D:2      | 1350 ||| READING 2 scrolls labelled SABLAEPIJAD.
  1350 | D:2      | Identified 2 scrolls of acquirement
  1350 | D:2      | 1350 ||| ACQUIRING ring of ice
  1350 | D:2      | Acquired a ring of ice
  1352 | D:2      | 1352 ||| UPGRADING to ring of ice.
  1353 | D:2      | 1353 ||| READING scroll of acquirement.
  1353 | D:2      | 1353 ||| ACQUIRING +1 helmet of see invisible
  1353 | D:2      | Acquired a +1 helmet of see invisible
  1355 | D:2      | 1355 ||| UPGRADING to +1 helmet of see invisible.
  1360 | D:2      | 1360 ||| READING scroll labelled UHAJYL IFIO.
  1361 | D:2      | 1361 ||| READING scroll labelled RAMUAC COESOI.
  1392 | D:3      | Reached skill level 1 in Armour
  1642 | D:3      | Noticed a +0 dagger
  1642 | D:3      | Noticed a +0 hand axe
  1647 | D:3      | Found a hide-covered altar of Uskayaw.
  2203 | D:3      | 2203 ||| READING scroll labelled FYNOG TAVVOICK.
  2208 | D:3      | 2208 ||| DRINKING 2 red potions.
  2244 | D:4      | Reached XP level 6. HP: 20/46 MP: 0/0
  2362 | D:4      | Noticed Sigmund
  2366 | D:4      | Killed Sigmund
  2367 | D:4      | Reached skill level 5 in Ranged Weapons
  2367 | D:4      | Reached XP level 7. HP: 50/50 MP: 0/0
  2367 | D:4      | Learned a level 2 spell: Searing Ray
  2771 | D:4      | Found a bloodstained altar of Trog.
  3063 | D:4      | 3063 ||| FLEEEEING.
  3206 | D:4      | Found an ornate altar of the Wu Jian Council.
  3309 | D:4      | 3309 ||| UPGRADING to +0 ring mail.
  3319 | D:4      | 3319 ||| DROPPING +0 leather armour.
  3320 | D:4      | 3320 ||| UPGRADING to ring of protection from fire.
  3321 | D:4      | 3321 ||| READING scroll of identify.
  3321 | D:4      | 3321 ||| IDENTIFYING emerald potion
  3322 | D:4      | 3322 ||| READING scroll labelled PABUTU GILAXT.
  3323 | D:4      | 3323 ||| DROPPING potion of invisibility.
  3357 | D:5      | Entered Level 5 of the Dungeon
  3422 | D:5      | 3422 ||| RETREEEEATING.
  3423 | D:5      | 3423 ||| RETREEEEATING.
  3424 | D:5      | 3424 ||| RETREEEEATING.
  3425 | D:5      | 3425 ||| RETREEEEATING.
  3426 | D:5      | 3426 ||| RETREEEEATING.
  3427 | D:5      | 3427 ||| RETREEEEATING.
  3428 | D:5      | 3428 ||| RETREEEEATING.
  3429 | D:5      | 3429 ||| RETREEEEATING.
  3430 | D:5      | 3430 ||| RETREEEEATING.
  3431 | D:5      | 3431 ||| RETREEEEATING.
  3435 | D:5      | Reached skill level 6 in Ranged Weapons
  3441 | D:5      | HP: 10/52 [scorpion (5)]
  3442 | D:5      | 3442 ||| READING 2 scrolls of teleportation.
  3658 | D:5      | Reached XP level 8. HP: 58/58 MP: 0/0
  3951 | D:5      | Noticed a wyvern
  3952 | D:5      | 3952 ||| ZAPPING wand of flame (19) at 2,-1 (wyvern;
                  | floor).
  3953 | D:5      | 3953 ||| ZAPPING wand of flame (18) at 1,0 (wyvern; floor).
  3954 | D:5      | 3954 ||| ZAPPING wand of flame (17) at 1,0 (wyvern; floor).
  3955 | D:5      | 3955 ||| ZAPPING wand of flame (16) at 1,0 (wyvern; floor).
  3956 | D:5      | 3956 ||| ZAPPING wand of flame (15) at 1,0 (wyvern; floor).
  3957 | D:5      | 3957 ||| ZAPPING wand of flame (14) at 1,0 (wyvern; floor).
  3958 | D:5      | 3958 ||| ZAPPING wand of flame (13) at 1,0 (wyvern; floor).
  3959 | D:5      | 3959 ||| ZAPPING wand of flame (12) at 1,0 (wyvern; floor).
  3960 | D:5      | 3960 ||| ZAPPING wand of flame (11) at 1,0 (wyvern; floor).
  3961 | D:5      | 3961 ||| ZAPPING wand of flame (10) at 1,0 (wyvern; floor).
  3962 | D:5      | 3962 ||| ZAPPING wand of flame (9) at 1,0 (wyvern; floor).
  3963 | D:5      | 3963 ||| ZAPPING wand of flame (8) at 1,0 (wyvern; floor).
  3964 | D:5      | 3964 ||| ZAPPING wand of flame (7) at 1,0 (wyvern; floor).
  3965 | D:5      | 3965 ||| ZAPPING wand of flame (6) at 1,0 (wyvern; floor).
  3965 | D:5      | HP: 7/58 [wyvern (9)]
  3966 | D:5      | 3966 ||| READING 2 scrolls of teleportation.
  3966 | D:5      | HP: 2/58 [wyvern (5)]
  3967 | D:5      | 3967 ||| ZAPPING wand of flame (5) at 1,0 (wyvern; floor).
  3968 | D:5      | 3968 ||| ZAPPING wand of flame (4) at 1,0 (wyvern; floor).
  3969 | D:5      | 3969 ||| ZAPPING wand of flame (3) at 1,0 (wyvern; floor).
  3969 | D:5      | Killed a wyvern
  3970 | D:5      | Reached skill level 7 in Ranged Weapons
  4281 | D:5      | 4281 ||| READING scroll of identify.
  4281 | D:5      | 4281 ||| IDENTIFYING fizzy emerald potion
  4282 | D:5      | 4282 ||| DROPPING potion of brilliance.
  4342 | D:6      | Found a staircase to the Ecumenical Temple.
  4343 | D:6      | 4343 ||| PLANNING TEMPLE
  4351 | Temple   | Entered the Ecumenical Temple
  4352 | Temple   | 4352 ||| PLANNING OKAWARU WORSHIP
  4357 | Temple   | Became a worshipper of Warmaster Okawaru
  4358 | Temple   | 4358 ||| PLANNING D:1-11
  4473 | D:6      | Reached XP level 9. HP: 55/65 MP: 0/0
  4473 | D:6      | Learned a level 4 spell: Olgreb's Toxic Radiance
  4579 | D:6      | Noticed Edmund
  4597 | D:6      | HP: 14/65 [Edmund/+2 flail of protection (8)]
  4598 | D:6      | 4598 ||| READING 2 scrolls of teleportation.
  4601 | D:6      | HP: 3/65 [Edmund/+2 flail of protection (6)]
  4632 | D:6      | 4632 ||| READING scroll of teleportation.
  4825 | D:6      | 4825 ||| FLEEEEING.
  4826 | D:6      | 4826 ||| FLEEEEING.
  5108 | D:6      | Reached skill level 8 in Ranged Weapons
  5557 | D:6      | Killed Edmund
  5740 | D:6      | 5740 ||| READING scroll of identify.
  5740 | D:6      | 5740 ||| IDENTIFYING puce potion
  5741 | D:6      | 5741 ||| READING scroll labelled WIOL ZESTRATI.
  5741 | D:6      | 5741 ||| ENCHANTING +1 helmet of see invisible.
  5742 | D:6      | 5742 ||| READING scroll labelled NUEDIM MAUF.
  5743 | D:6      | 5743 ||| READING 2 scrolls labelled KIORHU WUGYIX.
  5844 | D:6      | 5844 ||| READING 2 scrolls labelled VAJEEXK XOETZ.
  5845 | D:6      | 5845 ||| DRINKING 2 dark potions.
  5846 | D:6      | 5846 ||| DROPPING wand of flame (2).
  5847 | D:6      | 5847 ||| DROPPING potion of degeneration.
  5848 | D:6      | 5848 ||| DROPPING scroll of silence.
  5849 | D:6      | 5849 ||| DROPPING scroll of noise.
  5869 | D:7      | 5869 ||| PLANNING OSSUARY
  5939 | D:7      | 5939 ||| SWAPPING to +0 orcbow.
  5940 | D:7      | 5940 ||| DROPPING +0 shortbow.
  5998 | D:7      | HP: 2/66 [orc warrior/+0 dire flail (17)]
  5999 | D:7      | 5999 ||| DRINKING potion of heal wounds.
  6005 | D:7      | HP: 16/66 [orc warrior/+0 dire flail (7)]
  6008 | D:7      | Slain by an orc warrior

Levels and vault maps discovered:
D:1:      orjb1_clovarrival, layout_rooms
D:2:      layout_loops_ring, reono_crystal_passage, minmay_goblin_outpost
D:3:      layout_loops_corners, dancing_weapons_uskayaw, st_stairs_10,
          grunt_ministairs_3, minmay_shallow_snake_nest
D:4:      layout_basic, pdpol_wu_jian_five_deadly_venoms, trog_hazing_becter,
          uniq_sigmund
D:5:      layout_cave_pools
D:6:      layout_basic, minmay_temple_entry_mini_moons, chequers_mini_garden,
          uniq_edmund
D:7:      layout_cave_pods, nicolae_ru_great_annihilating_truth,
          kiku_gazebo_pond_becter, mainiacjoe_overflow_chevrons, enter_ossuary_2
Temple:   compressed_dpeg_circular_temple

Skill      XL: |  1  2  3  4  5  6  7  8  9 |
---------------+----------------------------+-----
Ranged Weapons | 4 5 6 7 8 |  8.0
Fighting       | 3 4 5 |  5.7
Dodging        | 3 4 5 |  5.6
Armour         | 1 2 |  2.0
Stealth        | |  0.7

Action                     |  1- 3 |  4- 6 |  7- 9 || total
---------------------------+-------+-------+-------++-------
   Fire: Shortbow          |    74 |   132 |   358 ||   564
         Orcbow            |       |       |    21 ||    21
  Evoke: Wand              |       |       |    17 ||    17
    Use: Scroll            |     1 |     7 |    12 ||    20
         Potion            |     1 |     1 |     2 ||     4
 Armour: Leather armour    |    22 |    42 |    34 ||    98
         Ring mail         |       |       |   210 ||   210
  Dodge: Dodged            |    20 |    71 |   220 ||   311

Table legend:
 A = Non-vault XP
 B = Vault XP
 C = Vault XP percentage of total XP
 D = Non-vault monster count
 E = Vault monster count
 F = Vault count percentage of total count
                 A         B        C        D         E       F
            +---------+---------+-------+---------+---------+-------
      Total |    2144 |     459 |  17.6 |      89 |      25 |  21.9
            +---------+---------+-------+---------+---------+-------
        D:1 |      14 |       0 |   0.0 |       9 |       0 |   0.0
        D:2 |     109 |      18 |  14.2 |      24 |       9 |  27.3
        D:3 |      70 |      35 |  33.3 |       8 |       8 |  50.0
        D:4 |     240 |     233 |  49.3 |      16 |       7 |  30.4
        D:5 |     956 |       0 |   0.0 |      15 |       0 |   0.0
        D:6 |     635 |     173 |  21.4 |      15 |       1 |   6.2
        D:7 |     120 |       0 |   0.0 |       2 |       0 |   0.0
            +---------+---------+-------+---------+---------+-------
